Map: Dusk Towers

Players

Miszu

  • Race: Terran Terran
  • League: Grandmaster

soul - Winner!

  • Race: Terran Terran
  • League: Grandmaster

VOD

Have the link to the VOD?

Description

Time

  • Played on: Feb. 8, 2016, 9:52 a.m.
  • Length: 8:35
Show
View Real Time Build Order
Export as new Build Order

Miszu Terran 

Build Orders:  

Get SALT Encoding   

  12  0:00  SCV  
  13  0:13  SCV  
  14  0:17  Supply Depot  
  14  0:25  SCV  
  15  0:38  SCV  
  15  0:41  Barracks  
  16  0:44  Refinery  
  16  0:51  SCV  
  17  1:03  SCV  
  18  1:15  SCV  
  19  1:28  Orbital Command  
  19  1:31  Barracks Reactor  
  19  1:43  Command Center  
  19  1:51  Supply Depot  
  19  1:54  SCV  
  20  2:07  Marine x2  
  22  2:09  SCV  
  23  2:19  Factory  
  23  2:21  SCV  
  24  2:25  Marine  
  24  2:26  Marine  
  26  2:33  SCV  
  26  2:34  Supply Depot  
  27  2:37  Refinery  
  27  2:43  Marine x2  
  29  2:45  SCV  
  30  2:57  SCV  
  31  3:00  Orbital Command  
  31  3:07  Starport, Factory Tech Lab  
  31  3:12  Marine x2  
  33  3:14  SCV  
  34  3:26  SCV  
  35  3:27  Widow Mine  
  35  3:31  SCV  
  38  3:38  SCV  
  39  3:43  SCV  
  39  3:44  Medivac  
  42  3:49  Supply Depot, Marine  
  42  3:50  Marine, SCV  
  46  3:55  SCV  
  46  3:58  Engineering Bay  
  46  4:02  SCV  
  47  4:04  Cyclone  
  47  4:07  SCV  
  51  4:13  Bunker, Supply Depot  
  51  4:14  Marine x2  
  53  4:20  SCV  
  53  4:23  Viking  
  56  4:25  Missile Turret  
  56  4:27  Missile Turret  
  56  4:30  SCV  
  57  4:40  SCV  
  57  4:44  Siege Tank  
  59  4:53  SCV  
  60  5:05  SCV  
  57  5:07  Marine  
  57  5:15  Marine, SCV  
  57  5:17  Refinery, SCV  
  57  5:18  Refinery  
  59  5:25  Marine, Siege Tank  
  59  5:28  SCV  
  63  5:29  SCV  
  63  5:33  Marine  
  65  5:38  Command Center  
  63  5:42  Marine  
  63  5:46  SCV  
  63  5:48  Starport Reactor  
  64  5:51  Marine  
  64  5:53  Barracks  
  64  5:55  SCV  
  65  5:57  Barracks  
  61  6:16  Marine  
  61  6:17  Siege Tank  
  61  6:18  SCV  
  64  6:20  Marine  
  64  6:21  SCV  
  64  6:24  Barracks  
  66  6:26  Barracks  
  66  6:30  SCV  
  66  6:39  Marine x2  
  61  6:40  SCV  
  61  6:42  SCV  
  63  6:52  SCV  
  62  6:57  Marine, Barracks Tech Lab x2  
  62  6:58  SCV  
  62  6:59  Orbital Command  
  63  7:04  SCV  
  63  7:05  Marine  
  65  7:10  SCV  
  65  7:15  Marine, Barracks Tech Lab  
  67  7:16  Barracks Reactor  
  67  7:17  SCV  
  67  7:18  Marauder  
  67  7:20  Marine  
  67  7:21  Siege Tank  
  67  7:22  SCV  
  75  7:24  Refinery  
  75  7:26  Refinery, SCV  
  75  7:29  SCV  
  77  7:30  Marine  
  77  7:32  Marine  
  77  7:34  SCV  
  80  7:37  Supply Depot  
  80  7:38  Marauder, SCV  
  80  7:39  Supply Depot x2, Marauder  
  80  7:43  SCV  
  85  7:48  SCV  
  85  7:52  Missile Turret  
  85  7:57  SCV  
  85  7:58  SCV  
  85  7:59  Marauder  
  85  8:00  Marauder, SCV  
  85  8:05  Marine x2, Marauder  
  100  8:09  SCV  
  101  8:16  Supply Depot x2, SCV x2  
  103  8:21  SCV  
  108  8:32  Engineering Bay, Armory  
Show
View Real Time Build Order
Export as new Build Order

soul Terran - Winner!

Build Orders: Hellion Banshee, Mech 

Get SALT Encoding   

  12  0:02  SCV  
  13  0:14  SCV  
  14  0:18  Supply Depot  
  14  0:26  SCV  
  15  0:40  SCV  
  15  0:41  Barracks  
  16  0:46  Refinery  
  16  0:52  SCV  
  17  1:04  SCV  
  18  1:16  SCV  
  19  1:29  Orbital Command  
  19  1:43  Command Center  
  19  1:53  Factory  
  19  1:58  SCV  
  20  2:05  Barracks Reactor, Refinery  
  20  2:14  Supply Depot, SCV  
  21  2:26  SCV  
  22  2:38  Starport  
  22  2:39  SCV  
  23  2:46  Hellion  
  23  2:47  Hellion  
  23  2:51  SCV  
  28  2:52  Barracks Tech Lab  
  28  2:59  Orbital Command  
  28  3:03  SCV  
  29  3:15  SCV  
  30  3:20  Cloaking Field, Banshee  
  30  3:25  Hellion  
  36  3:27  SCV  
  36  3:29  SCV  
  36  3:33  Hellion  
  39  3:39  SCV  
  39  3:40  Supply Depot  
  40  3:43  SCV  
  41  3:49  Hellion  
  41  3:51  SCV  
  41  3:54  Hellion  
  46  4:02  SCV  
  47  4:03  Supply Depot, SCV, Banshee  
  47  4:07  Supply Depot  
  51  4:14  SCV  
  51  4:15  SCV  
  53  4:25  Hellion  
  53  4:26  SCV  
  53  4:29  Command Center  
  53  4:30  SCV  
  57  4:36  Supply Depot  
  57  4:38  SCV  
  58  4:42  SCV  
  59  4:46  Raven  
  59  4:50  SCV  
  62  4:55  Factory, Refinery  
  62  4:56  Factory  
  62  4:57  Refinery  
  62  5:02  SCV  
  62  5:03  SCV  
  62  5:14  SCV  
  62  5:18  SCV  
  61  5:21  Hellion  
  61  5:25  Barracks Tech Lab  
  63  5:31  SCV, Armory x2  
  63  5:32  SCV  
  65  5:41  Refinery  
  63  5:43  Factory Tech Lab, SCV  
  63  5:44  SCV  
  63  5:46  Refinery  
  66  5:52  Starport Reactor  
  66  5:53  Orbital Command  
  66  5:55  SCV  
  66  5:56  Siege Tank, SCV  
  70  5:57  Hellion x2  
  70  6:04  Siege Tank  
  77  6:07  SCV  
  77  6:09  SCV  
  73  6:19  Hellion, SCV  
  73  6:24  SCV  
  70  6:28  Siege Tank, SCV  
  69  6:36  Siege Tank  
  69  6:37  Hellion  
  74  6:41  Hellion  
  74  6:44  SCV  
  77  6:51  SCV  
  76  6:54  SCV  
  76  6:56  SCV  
  76  6:59  Viking  
  76  7:00  Siege Tank  
  83  7:03  Viking, SCV  
  83  7:07  SCV  
  83  7:08  SCV  
  88  7:10  Supply Depot  
  88  7:12  Supply Depot  
  88  7:14  Engineering Bay, Hellion x2, Command Center  
  92  7:16  SCV  
  93  7:26  Factory  
  93  7:28  Factory  
  93  7:32  Viking, SCV x3  
  93  7:35  Viking  
  100  7:47  SCV  
  100  7:49  Siege Tank  
  100  7:50  Supply Depot x2, Hellion, Siege Tank  
  109  8:11  SCV x2  
  109  8:12  Starport  
  119  8:16  Supply Depot, SCV  
  119  8:18  Supply Depot  
  120  8:21  Sensor Tower  
  120  8:25  Sensor Tower, Factory Reactor  
  120  8:26  Factory Tech Lab  
Tags
 
Add a new tag
Caveats
  • Supply blocks, unpowered buildings, or Contaminate may cause inaccurate times.
  • Supply counts are checked every 10 seconds.